% Time on Ice - LONG BEACH BARACUDAS
Lines # - Real PCT - Wanted PCT - Time Play
Normal Forward
1 - 30% - 38% - 16:20
2 - 31% - 31% - 16:30
3 - 25% - 21% - 13:40
4 - 14% - 10% - 7:33
Normal Defense
1 - 35% - 36% - 19:05
2 - 33% - 31% - 17:48
3 - 26% - 23% - 13:51
4 - 6% - 10% - 3:19
PP Forward
1 - 14% - 55% - 0:17
2 - 86% - 45% - 1:42
PP Defense
1 - 72% - 55% - 1:26
2 - 28% - 45% - 0:33
PK Forward
1 - 74% - 55% - 2:57
2 - 26% - 45% - 1:01
PK Defense
1 - 64% - 55% - 2:33
2 - 36% - 45% - 1:25
PK3 Forward
1 - 0% - 55%
2 - 0% - 45%
PK3 Defense
1 - 0% - 55%
2 - 0% - 45%
44 Forward
1 - 0% - 55%
2 - 0% - 45%
44 Defense
1 - 0% - 55%
2 - 0% - 45%
Last Minute Offensive  - 0:00
Last Minute Defensive  - 0:00
Total
Forward - 60:00
Defense - 60:00
% Time on Ice - SASKATOON DUCKS
Lines # - Real PCT - Wanted PCT - Time Play
Normal Forward
1 - 34% - 36% - 18:31
2 - 30% - 34% - 16:13
3 - 29% - 24% - 15:37
4 - 7% - 6% - 3:42
Normal Defense
1 - 41% - 44% - 22:22
2 - 32% - 32% - 17:23
3 - 26% - 24% - 14:18
4 - 0% - 0% - 0:00
PP Forward
1 - 41% - 50% - 1:37
2 - 59% - 50% - 2:21
PP Defense
1 - 51% - 55% - 2:01
2 - 49% - 45% - 1:57
PK Forward
1 - 45% - 55% - 0:54
2 - 55% - 45% - 1:05
PK Defense
1 - 45% - 55% - 0:54
2 - 55% - 45% - 1:05
PK3 Forward
1 - 0% - 55%
2 - 0% - 45%
PK3 Defense
1 - 0% - 55%
2 - 0% - 45%
44 Forward
1 - 0% - 55%
2 - 0% - 45%
44 Defense
1 - 0% - 55%
2 - 0% - 45%
Last Minute Offensive  - 0:00
Last Minute Defensive  - 0:00
Total
Forward - 60:00
Defense - 60:00
Play-by-Play 1st period 0:01 of 1st period - William Karlsson wins face-off versus Sidney Crosby in neutral zone. 0:51 of 1st period - Icing by Roman Josi. 0:52 of 1st period - Sidney Crosby wins face-off versus Antoine Roussel in SASKATOON DUCKS zone. 1:10 of 1st period - Off-side. 1:11 of 1st period - Claude Giroux wins face-off versus Peyton Krebs in neutral zone. 1:13 of 1st period - Off-side. 1:14 of 1st period - Peyton Krebs wins face-off versus Ryan Strome in neutral zone. 1:37 of 1st period - Shot by Craig Smith. 1:37 of 1st period - Deflect By Robert Fabbri. 1:37 of 1st period - Shot Misses the Net. 1:53 of 1st period - Shot by Craig Smith. 1:53 of 1st period - Stopped by Tristan Jarry without a rebound. 1:54 of 1st period - Claude Giroux wins face-off versus Antoine Roussel in SASKATOON DUCKS zone. 2:01 of 1st period - Shot by Artemi Panarin. 2:01 of 1st period - Shot Blocked by Seth Jarvis. 3:02 of 1st period - Alex Pietrangelo is hit by Anthony Duclair and loses puck. 3:38 of 1st period - Shot by Bryan Rust. 3:38 of 1st period - Shot Misses the Net. 3:50 of 1st period - Shot by Derick Brassard. 3:50 of 1st period - Shot Misses the Net. 3:52 of 1st period - Shot by Bryan Rust. 3:52 of 1st period - Shot Misses the Net. 4:49 of 1st period - Icing by William Karlsson. 4:50 of 1st period - Sidney Crosby wins face-off versus William Karlsson in LONG BEACH BARACUDAS zone. 4:53 of 1st period - Shot by Bryan Rust. 4:53 of 1st period - Shot Hit the Post. 4:59 of 1st period - Shot by Sidney Crosby. 4:59 of 1st period - Shot Hit the Post. 5:48 of 1st period - Shot by Claude Giroux. 5:48 of 1st period - Goal by Claude Giroux - LONG BEACH BARACUDAS : 0 - SASKATOON DUCKS : 1. 5:49 of 1st period - Artemi Panarin wins face-off versus Antoine Roussel in neutral zone. 6:03 of 1st period - Icing by Samuel Girard. 6:04 of 1st period - Peyton Krebs wins face-off versus Claude Giroux in SASKATOON DUCKS zone. 6:31 of 1st period - Shot by Claude Giroux. 6:31 of 1st period - Shot Misses the Net. 7:21 of 1st period - Icing by Anthony Duclair. 7:22 of 1st period - Claude Giroux wins face-off versus Derek Stepan in SASKATOON DUCKS zone. 7:22 of 1st period - Claude Giroux is hit by Boris Katchouk. 7:30 of 1st period - Off-side. 7:31 of 1st period - Derek Stepan wins face-off versus Sidney Crosby in neutral zone. 7:36 of 1st period - Shot by Derek Stepan. 7:36 of 1st period - Shot Misses the Net. 7:57 of 1st period - Shot by Jake Guentzel. 7:57 of 1st period - Stopped by Cory Schneider without a rebound. 7:58 of 1st period - Ryan Strome wins face-off versus Antoine Roussel in LONG BEACH BARACUDAS zone. 8:21 of 1st period - Shot by Jake Sanderson. 8:21 of 1st period - Shot Blocked by Lassi Thomson. 8:34 of 1st period - Ryan Strome is hit by Alexander Romanov and loses puck. 9:02 of 1st period - Icing by Kevin Shattenkirk. 9:03 of 1st period - Sidney Crosby wins face-off versus William Karlsson in SASKATOON DUCKS zone. 9:33 of 1st period - Jake Guentzel is hit by P.K. Subban. 10:56 of 1st period - Mathieu Joseph is hit by Alexander Romanov and loses puck. 11:22 of 1st period - Kailer Yamamoto is hit by Alexander Romanov and loses puck. 12:58 of 1st period - Shot by Anthony Duclair. 12:58 of 1st period - Shot Misses the Net. 13:13 of 1st period - Shot by Alex Pietrangelo. 13:13 of 1st period - Shot Misses the Net. 13:17 of 1st period - Shot by Seth Jarvis. 13:17 of 1st period - Shot Misses the Net. 13:32 of 1st period - Minor Penalty to Roman Josi for Hooking. 13:33 of 1st period - Ryan Strome wins face-off versus Arthur Kaliyev in SASKATOON DUCKS zone. 14:27 of 1st period - Icing by William Karlsson. 14:28 of 1st period - Claude Giroux wins face-off versus William Karlsson in LONG BEACH BARACUDAS zone. 14:41 of 1st period - Shot by Claude Giroux. 14:41 of 1st period - Stopped by Cory Schneider without a rebound. 14:42 of 1st period - Claude Giroux wins face-o